3139 views
Uploaded 2020-03-09 11:52:43
Game version 1.32.2
19:41 long 4on4 ladder game on (8)MarketSquare
Saved by BaDitO2
3139 views
Uploaded 2020-03-09 11:52:43
Game version 1.32.2
19:41 long 4on4 ladder game on (8)MarketSquare


148 units @ 18.3k
/ 3.6k
88 buildings @ 10.3k
/ 4.1k

| Peasant | 14 | 1050 | / | 0 |
| Flying Machine | 37 | 3700 | / | 1110 |
| Siege Engine | 5 | 975 | / | 300 |
| total: | 56 | 5725g | / | 1410w |
| Scout Tower | 22 | 660 | / | 440 |
| Guard Tower | 4 | 280 | / | 200 |
| Altar of Kings | 1 | 180 | / | 50 |
| Farm | 15 | 1200 | / | 300 |
| Arcane Vault | 2 | 260 | / | 60 |
| Lumber Mill | 3 | 360 | / | 0 |
| Blacksmith | 2 | 280 | / | 120 |
| Town Hall | 1 | 385 | / | 205 |
| Workshop | 3 | 420 | / | 420 |
| Keep | 1 | 320 | / | 210 |
| Castle | 1 | 360 | / | 210 |
| total: | 49 | 3745g | / | 1595w |
| 0:05 | Peasant |
| 0:05 | Peasant |
| 0:12 | Altar of Kings |
| 0:22 | Farm |
| 0:24 | Peasant |
| 0:38 | Arcane Vault |
| 0:43 | Farm |
| 0:45 | Peasant |
| 1:01 | Lumber Mill |
| 1:08 | Arcane Vault |
| 1:12 | Peasant |
| 1:44 | Scout Tower |
| 1:49 | Farm |
| 1:53 | Peasant |
| 1:53 | Peasant |
| 1:53 | Peasant |
| 2:11 | Peasant |
| 2:11 | Peasant |
| 2:11 | Peasant |
| 2:12 | Peasant |
| 2:22 | Blizzard |
| 2:26 | Peasant |
| 2:26 | Peasant |
| 2:32 | Scout Tower |
| 2:35 | Guard Tower |
| 3:03 | Guard Tower |
| 3:06 | Scout Tower |
| 3:33 | Guard Tower |
| 3:54 | Keep |
| 4:02 | Blacksmith |
| 4:04 | Blacksmith |
| 5:16 | Farm |
| 5:17 | Farm |
| 5:18 | Farm |
| 5:18 | Farm |
| 5:56 | Black Gunpowder |
| 5:56 | Iron Plating |
| 6:14 | Castle |
| 6:20 | Workshop |
| 6:24 | Workshop |
| 6:32 | Workshop |
| 7:21 | Refined Gunpowder |
| 7:23 | Flak Cannons |
| 8:03 | Flying Machine |
| 8:04 | Flying Machine |
| 8:11 | Flying Machine |
| 8:16 | Steel Plating |
| 8:40 | Flying Machine Bombs |
| 8:46 | Flying Machine |
| 9:05 | Flying Machine |
| 9:17 | Imbued Gunpowder |
| 9:18 | Flying Machine |
| 9:20 | Flying Machine |
| 9:24 | Flying Machine |
| 9:34 | Flying Machine |
| 9:46 | Flying Machine |
| 9:48 | Flying Machine |
| 9:54 | Flying Machine |
| 9:59 | Flying Machine |
| 10:11 | Flying Machine |
| 10:13 | Flying Machine |
| 10:20 | Flying Machine |
| 10:31 | Flying Machine |
| 10:38 | Flying Machine |
| 10:55 | Flying Machine |
| 11:08 | Flying Machine |
| 11:17 | Flying Machine |
| 11:41 | Flying Machine |
| 12:13 | Flying Machine |
| 12:51 | Flying Machine |
| 12:51 | Flying Machine |
| 12:52 | Flying Machine |
| 13:40 | Flying Machine |
| 13:57 | Flying Machine |
| 14:13 | Town Hall |
| 14:31 | Flying Machine |
| 14:32 | Flying Machine |
| 14:33 | Flying Machine |
| 15:10 | Mithril Plating |
| 15:30 | Flying Machine |
| 16:14 | Lumber Mill |
| 16:16 | Lumber Mill |
| 16:18 | Scout Tower |
| 16:19 | Scout Tower |
| 16:20 | Scout Tower |
| 16:20 | Scout Tower |
| 16:22 | Scout Tower |
| 16:23 | Scout Tower |
| 16:24 | Scout Tower |
| 16:25 | Scout Tower |
| 17:26 | Flying Machine |
| 17:26 | Flying Machine |
| 17:48 | Scout Tower |
| 17:50 | Scout Tower |
| 17:51 | Scout Tower |
| 17:52 | Scout Tower |
| 17:53 | Scout Tower |
| 18:20 | Guard Tower |
| 18:23 | Scout Tower |
| 18:24 | Scout Tower |
| 18:24 | Scout Tower |
| 18:25 | Scout Tower |
| 18:26 | Scout Tower |
| 18:27 | Scout Tower |
| 19:13 | Flying Machine |
| 19:14 | Flying Machine |
| 19:14 | Flying Machine |
| 19:28 | Siege Engine |
| 19:29 | Siege Engine |
| 19:29 | Siege Engine |
| 19:29 | Siege Engine |
| 19:29 | Siege Engine |
| 19:32 | Farm |
| 19:32 | Farm |
| 19:33 | Farm |
| 19:33 | Farm |
| 19:34 | Farm |
| 19:34 | Farm |
| 19:35 | Farm |
| 19:35 | Farm |
| Select group | 835 |
| Right click | 661 |
| Select | 243 |
| Build/train/purchase | 87 |
| Assign group | 24 |
| Esc | 21 |
| Misc. action | 1 |
| Item give/drop | 1 |
| Remove unit | 1 |


| Healing Salve | 1 | 100 |
| Scroll of Speed | 1 | 50 |
| Orb of Lightning | 1 | 375 |
| Scroll of Town Portal | 1 | 350 |
| Scroll of Healing | 2 | 500 |
| Potion of Lesser Invulnerability | 2 | 300 |
| Scroll of Protection | 3 | 450 |
| total: | 11 | 2125g |
| Peon | 9 | 675 | / | 0 |
| Troll Headhunter | 11 | 1540 | / | 220 |
| Troll Berserker | 17 | 2380 | / | 340 |
| total: | 37 | 4595g | / | 560w |
| War Mill | 1 | 205 | / | 0 |
| Altar of Storms | 1 | 180 | / | 50 |
| Orc Burrow | 6 | 960 | / | 240 |
| Barracks | 2 | 360 | / | 100 |
| Voodoo Lounge | 1 | 130 | / | 30 |
| Great Hall | 1 | 385 | / | 185 |
| Stronghold | 1 | 315 | / | 190 |
| Fortress | 1 | 325 | / | 190 |
| total: | 12 | 2220g | / | 605w |
| 0:20 | Peon |
| 0:20 | Peon |
| 0:37 | War Mill |
| 0:40 | Peon |
| 0:52 | Altar of Storms |
| 0:56 | Peon |
| 1:07 | Orc Burrow |
| 1:11 | Peon |
| 1:22 | Barracks |
| 2:18 | Orc Burrow |
| 2:27 | Barracks |
| 2:29 | Troll Headhunter |
| 2:50 | Troll Headhunter |
| 2:59 | War Stomp |
| 3:06 | Troll Headhunter |
| 3:13 | Troll Headhunter |
| 3:28 | Troll Headhunter |
| 3:34 | Voodoo Lounge |
| 4:08 | Troll Headhunter |
| 4:35 | Endurance Aura |
| 4:43 | Orc Burrow |
| 4:58 | Stronghold |
| 5:02 | Healing Salve |
| 5:03 | Scroll of Speed |
| 5:39 | Troll Headhunter |
| 5:39 | Troll Headhunter |
| 6:20 | Troll Headhunter |
| 6:32 | Great Hall |
| 7:24 | Endurance Aura |
| 7:45 | Fortress |
| 9:09 | Orc Burrow |
| 9:17 | Steel Ranged Weapons |
| 9:20 | Orc Burrow |
| 9:23 | Peon |
| 9:26 | Peon |
| 9:26 | Peon |
| 9:27 | Peon |
| 10:35 | War Stomp |
| 10:55 | Berserker Upgrade |
| 10:56 | Troll Headhunter |
| 10:57 | Troll Headhunter |
| 11:25 | Healing Wave |
| 12:11 | Orb of Lightning |
| 12:25 | Scroll of Town Portal |
| 12:34 | War Stomp |
| 12:44 | Troll Berserker |
| 12:46 | Thorium Ranged Weapons |
| 12:47 | Steel Armor |
| 12:48 | Troll Berserker |
| 12:48 | Troll Berserker |
| 13:26 | Potion of Lesser Invulnerability |
| 13:26 | Scroll of Healing |
| 13:27 | Scroll of Protection |
| 13:27 | Scroll of Protection |
| 13:38 | Troll Berserker |
| 13:43 | Orc Burrow |
| 14:14 | Hex |
| 15:09 | Troll Berserker |
| 15:24 | Troll Berserker |
| 15:25 | Troll Berserker |
| 15:31 | Healing Wave |
| 15:38 | Troll Berserker |
| 15:38 | Troll Berserker |
| 16:01 | Troll Berserker |
| 16:01 | Troll Berserker |
| 16:02 | Troll Berserker |
| 16:49 | Endurance Aura |
| 17:11 | Hex |
| 17:28 | Troll Regeneration |
| 17:28 | Troll Berserker |
| 17:58 | Potion of Lesser Invulnerability |
| 17:59 | Scroll of Protection |
| 18:00 | Scroll of Healing |
| 19:02 | Troll Berserker |
| 19:02 | Troll Berserker |
| 19:20 | Troll Berserker |
| 19:20 | Troll Berserker |
| 19:34 | Reincarnation |
| Right click | 899 |
| Select group | 798 |
| Select | 432 |
| Build/train/purchase | 97 |
| Assign group | 21 |
| Use ability | 13 |
| Minimap ping | 9 |
| Remove unit | 1 |


| Potion of Healing | 2 | 300 |
| Potion of Lesser Invulnerability | 2 | 300 |
| Boots of Speed | 1 | 250 |
| total: | 5 | 850g |
| Wisp | 15 | 900 | / | 0 |
| Archer | 5 | 650 | / | 50 |
| Dryad | 8 | 1160 | / | 480 |
| Mountain Giant | 3 | 1050 | / | 300 |
| total: | 31 | 3760g | / | 830w |
| Ancient Protector | 1 | 135 | / | 80 |
| Moon Well | 6 | 1080 | / | 240 |
| Ancient of War | 1 | 150 | / | 60 |
| Altar of Elders | 1 | 180 | / | 50 |
| Hunter's Hall | 1 | 210 | / | 100 |
| Ancient of Wonders | 1 | 90 | / | 30 |
| Ancient of Lore | 2 | 310 | / | 290 |
| Tree of Ages | 1 | 320 | / | 180 |
| Tree of Eternity | 1 | 330 | / | 200 |
| total: | 13 | 2155g | / | 850w |
| 0:07 | Wisp |
| 0:07 | Wisp |
| 0:07 | Wisp |
| 0:07 | Wisp |
| 0:28 | Moon Well |
| 0:32 | Wisp |
| 0:47 | Ancient of War |
| 0:50 | Wisp |
| 1:02 | Altar of Elders |
| 1:18 | Wisp |
| 1:34 | Moon Well |
| 1:38 | Wisp |
| 1:50 | Archer |
| 1:51 | Archer |
| 2:10 | Archer |
| 2:43 | Archer |
| 2:45 | Pocket Factory |
| 2:51 | Tree of Ages |
| 3:10 | Archer |
| 3:26 | Hunter's Hall |
| 3:40 | Ancient of Wonders |
| 4:12 | Engineering Upgrade |
| 4:34 | Ancient Protector |
| 5:32 | Wisp |
| 5:32 | Wisp |
| 5:32 | Wisp |
| 5:33 | Wisp |
| 5:33 | Wisp |
| 5:38 | Ancient of Lore |
| 5:49 | Ancient of Lore |
| 6:01 | Pocket Factory |
| 6:20 | Wisp |
| 6:20 | Wisp |
| 6:59 | Trueshot Aura |
| 7:03 | Potion of Healing |
| 7:03 | Potion of Healing |
| 7:07 | Abolish Magic |
| 7:14 | Moon Well |
| 7:16 | Tree of Eternity |
| 7:44 | Strength of the Wild |
| 7:44 | Reinforced Hides |
| 7:51 | Moon Well |
| 8:08 | Dryad |
| 8:45 | Moon Well |
| 9:08 | Mountain Giant |
| 9:10 | Dryad |
| 9:18 | Engineering Upgrade |
| 9:33 | Pocket Factory |
| 9:49 | Hardened Skin |
| 9:50 | Resistant Skin |
| 9:53 | Mountain Giant |
| 10:17 | Improved Strength of the Wild |
| 10:34 | Searing Arrows |
| 10:55 | Mountain Giant |
| 11:14 | Moon Well |
| 11:36 | Potion of Lesser Invulnerability |
| 11:56 | Dryad |
| 12:27 | Trueshot Aura |
| 12:29 | Dryad |
| 13:01 | Dryad |
| 13:12 | Improved Reinforced Hides |
| 13:54 | Dryad |
| 14:45 | Searing Arrows |
| 15:34 | Advanced Strength of the Wild |
| 15:34 | Advanced Reinforced Hides |
| 15:35 | Well Spring |
| 16:23 | Boots of Speed |
| 16:31 | Potion of Lesser Invulnerability |
| 16:58 | Dryad |
| 18:05 | Dryad |
| 18:42 | Trueshot Aura |
| 19:17 | Robo-Goblin |
| Right click | 535 |
| Select group | 190 |
| Select | 157 |
| Misc. action | 80 |
| Build/train/purchase | 75 |
| Assign group | 69 |
| Use ability | 21 |
| Item give/drop | 7 |



| Lesser Clarity Potion | 2 | 140 |
| Orb of Corruption | 1 | 375 |
| Scroll of Town Portal | 1 | 350 |
| Boots of Speed | 2 | 500 |
| Periapt of Vitality | 2 | 650 |
| Potion of Lesser Invulnerability | 1 | 150 |
| Scroll of Regeneration | 3 | 300 |
| Healing Salve | 1 | 100 |
| total: | 13 | 2565g |
| Acolyte | 8 | 600 | / | 0 |
| Ghoul | 3 | 360 | / | 0 |
| Crypt Fiend | 10 | 2150 | / | 400 |
| Frost Wyrm | 3 | 1155 | / | 360 |
| total: | 24 | 4265g | / | 760w |
| Ziggurat | 7 | 1050 | / | 350 |
| Crypt | 1 | 200 | / | 50 |
| Graveyard | 1 | 215 | / | 0 |
| Altar of Darkness | 1 | 180 | / | 50 |
| Tomb of Relics | 1 | 130 | / | 30 |
| Sacrificial Pit | 1 | 75 | / | 150 |
| Boneyard | 2 | 350 | / | 400 |
| Halls of the Dead | 1 | 320 | / | 210 |
| Black Citadel | 1 | 325 | / | 230 |
| total: | 14 | 2200g | / | 1030w |
| 0:06 | Acolyte |
| 0:06 | Acolyte |
| 0:19 | Ziggurat |
| 0:23 | Crypt |
| 0:43 | Graveyard |
| 1:02 | Altar of Darkness |
| 1:25 | Ghoul |
| 1:29 | Ziggurat |
| 1:39 | Ghoul |
| 1:57 | Ghoul |
| 2:08 | Crypt Fiend |
| 2:23 | Crypt Fiend |
| 2:39 | Ziggurat |
| 2:59 | Crypt Fiend |
| 3:05 | Death Coil |
| 3:25 | Crypt Fiend |
| 3:45 | Crypt Fiend |
| 4:04 | Crypt Fiend |
| 4:19 | Creature Carapace |
| 4:39 | Crypt Fiend |
| 5:10 | Unholy Aura |
| 5:25 | Halls of the Dead |
| 5:34 | Crypt Fiend |
| 5:46 | Creature Attack |
| 7:26 | Death Coil |
| 8:17 | Improved Creature Attack |
| 8:25 | Ziggurat |
| 8:36 | Scroll of Regeneration |
| 8:36 | Scroll of Regeneration |
| 8:36 | Scroll of Regeneration |
| 8:58 | Lesser Clarity Potion |
| 9:14 | Web |
| 9:31 | Acolyte |
| 9:53 | Black Arrow |
| 9:58 | Acolyte |
| 9:58 | Acolyte |
| 9:58 | Acolyte |
| 9:58 | Acolyte |
| 9:59 | Acolyte |
| 10:27 | Unholy Aura |
| 10:54 | Improved Creature Carapace |
| 11:42 | Black Citadel |
| 11:49 | Boots of Speed |
| 11:49 | Periapt of Vitality |
| 11:57 | Silence |
| 12:06 | Ziggurat |
| 12:08 | Tomb of Relics |
| 13:10 | Sacrificial Pit |
| 14:44 | Crypt Fiend |
| 14:48 | Orb of Corruption |
| 14:57 | Boneyard |
| 14:59 | Boneyard |
| 15:12 | Crypt Fiend |
| 15:16 | Black Arrow |
| 15:30 | Scroll of Town Portal |
| 15:40 | Ziggurat |
| 16:01 | Lesser Clarity Potion |
| 16:03 | Healing Salve |
| 16:19 | Boots of Speed |
| 16:19 | Periapt of Vitality |
| 16:20 | Potion of Lesser Invulnerability |
| 16:28 | Frost Wyrm |
| 16:46 | Sleep |
| 17:08 | Frost Wyrm |
| 17:44 | Ziggurat |
| 18:49 | Death Coil |
| 18:53 | Carrion Swarm |
| 19:16 | Frost Wyrm |
| 19:22 | Ghoul Frenzy |
| Select group | 1449 |
| Right click | 765 |
| Select | 220 |
| Build/train/purchase | 64 |
| Use ability | 21 |
| Assign group | 16 |
| Chat | 8 |
| Item give/drop | 2 |
| Remove unit | 2 |
149 units @ 16.4k
/ 1.4k
84 buildings @ 15.1k
/ 7.4k

| Wisp | 26 | 1560 | / | 0 |
| Archer | 14 | 1820 | / | 140 |
| Huntress | 5 | 975 | / | 100 |
| total: | 45 | 4355g | / | 240w |
| Ancient Protector | 8 | 1080 | / | 640 |
| Altar of Elders | 1 | 180 | / | 50 |
| Moon Well | 4 | 720 | / | 160 |
| Ancient of War | 1 | 150 | / | 60 |
| Hunter's Hall | 1 | 210 | / | 100 |
| Tree of Life | 2 | 680 | / | 370 |
| Tree of Ages | 1 | 320 | / | 180 |
| total: | 17 | 3020g | / | 1380w |
| 0:07 | Altar of Elders |
| 0:09 | Moon Well |
| 0:13 | Wisp |
| 0:13 | Wisp |
| 0:13 | Wisp |
| 0:43 | Wisp |
| 0:43 | Wisp |
| 0:59 | Ancient of War |
| 1:08 | Wisp |
| 1:08 | Wisp |
| 1:26 | Wisp |
| 1:46 | Moon Well |
| 1:53 | Moon Well |
| 2:06 | Archer |
| 2:08 | Wisp |
| 2:12 | Trueshot Aura |
| 2:59 | Hunter's Hall |
| 3:04 | Moon Well |
| 3:05 | Archer |
| 3:05 | Archer |
| 3:19 | Archer |
| 3:31 | Archer |
| 3:52 | Archer |
| 4:05 | Ancient Protector |
| 4:14 | Ancient Protector |
| 4:29 | Huntress |
| 4:53 | Huntress |
| 5:20 | Scout |
| 5:42 | Archer |
| 5:45 | Strength of the Moon |
| 5:45 | Moon Armor |
| 6:31 | Archer |
| 6:32 | Archer |
| 6:32 | Archer |
| 6:35 | Tree of Ages |
| 7:07 | Huntress |
| 7:09 | Huntress |
| 7:47 | Trueshot Aura |
| 8:13 | Archer |
| 8:13 | Archer |
| 8:14 | Huntress |
| 8:52 | Tree of Life |
| 9:24 | Wisp |
| 9:24 | Wisp |
| 9:27 | Improved Strength of the Moon |
| 9:27 | Improved Moon Armor |
| 9:45 | Improved Bows |
| 9:46 | Moon Glaive |
| 10:57 | Wisp |
| 10:57 | Wisp |
| 11:02 | Ancient Protector |
| 11:09 | Ancient Protector |
| 11:50 | Wisp |
| 11:50 | Wisp |
| 11:50 | Wisp |
| 11:51 | Wisp |
| 11:51 | Wisp |
| 12:03 | Ancient Protector |
| 12:07 | Ancient Protector |
| 12:11 | Ancient Protector |
| 12:14 | Ancient Protector |
| 12:16 | Wisp |
| 12:16 | Wisp |
| 12:16 | Wisp |
| 12:17 | Wisp |
| 12:17 | Wisp |
| 12:20 | Archer |
| 12:20 | Archer |
| 12:43 | Wisp |
| 12:43 | Wisp |
| 12:43 | Wisp |
| 12:57 | Tree of Life |
| Right click | 216 |
| Select | 107 |
| Build/train/purchase | 56 |
| Use ability | 2 |
| Minimap ping | 1 |

| Wisp | 18 | 1080 | / | 0 |
| Archer | 28 | 3640 | / | 280 |
| total: | 46 | 4720g | / | 280w |
| Moon Well | 8 | 1440 | / | 320 |
| Altar of Elders | 1 | 180 | / | 50 |
| Ancient of War | 3 | 450 | / | 180 |
| Tree of Life | 6 | 2040 | / | 1110 |
| Hunter's Hall | 1 | 210 | / | 100 |
| Ancient of Wind | 3 | 450 | / | 420 |
| Chimaera Roost | 2 | 280 | / | 380 |
| Tree of Ages | 1 | 320 | / | 180 |
| Tree of Eternity | 1 | 330 | / | 200 |
| total: | 24 | 5050g | / | 2560w |
| 0:05 | Moon Well |
| 0:07 | Altar of Elders |
| 0:08 | Wisp |
| 0:11 | Wisp |
| 0:16 | Wisp |
| 0:20 | Wisp |
| 0:42 | Wisp |
| 0:49 | Moon Well |
| 1:00 | Wisp |
| 1:00 | Wisp |
| 1:00 | Wisp |
| 1:22 | Wisp |
| 1:22 | Wisp |
| 1:30 | Ancient of War |
| 1:50 | Moon Well |
| 2:06 | Moon Well |
| 2:09 | Trueshot Aura |
| 2:23 | Wisp |
| 2:23 | Wisp |
| 2:23 | Wisp |
| 2:42 | Archer |
| 3:05 | Archer |
| 3:05 | Archer |
| 3:19 | Moon Well |
| 3:44 | Archer |
| 3:44 | Archer |
| 4:02 | Moon Well |
| 4:45 | Moon Well |
| 4:50 | Tree of Ages |
| 5:32 | Archer |
| 5:32 | Archer |
| 5:32 | Archer |
| 6:04 | Tree of Life |
| 6:14 | Searing Arrows |
| 6:44 | Archer |
| 6:44 | Archer |
| 6:44 | Archer |
| 6:52 | Hunter's Hall |
| 7:11 | Moon Well |
| 7:46 | Improved Bows |
| 7:50 | Tree of Eternity |
| 8:30 | Trueshot Aura |
| 8:46 | Archer |
| 8:46 | Archer |
| 8:47 | Archer |
| 8:47 | Archer |
| 9:30 | Wisp |
| 9:30 | Wisp |
| 9:30 | Wisp |
| 9:30 | Wisp |
| 9:30 | Wisp |
| 9:34 | Archer |
| 9:34 | Archer |
| 9:34 | Archer |
| 10:02 | Ancient of Wind |
| 10:05 | Ancient of Wind |
| 10:12 | Ancient of War |
| 10:17 | Ancient of Wind |
| 10:30 | Searing Arrows |
| 11:01 | Chimaera Roost |
| 11:04 | Chimaera Roost |
| 11:13 | Strength of the Moon |
| 11:13 | Moon Armor |
| 11:13 | Reinforced Hides |
| 11:14 | Strength of the Wild |
| 11:18 | Ancient of War |
| 11:22 | Marksmanship |
| 11:28 | Archer |
| 11:28 | Archer |
| 11:57 | Tree of Life |
| 14:00 | Tree of Life |
| 14:39 | Archer |
| 14:39 | Archer |
| 14:40 | Archer |
| 14:40 | Archer |
| 14:40 | Archer |
| 14:49 | Trueshot Aura |
| 15:32 | Improved Strength of the Moon |
| 16:10 | Tree of Life |
| 16:19 | Corrosive Breath |
| 17:21 | Archer |
| 17:50 | Tree of Life |
| 17:56 | Tree of Life |
| 18:49 | Archer |
| 18:50 | Archer |
| Right click | 293 |
| Select | 229 |
| Build/train/purchase | 69 |
| Misc. action | 25 |
| Resource trade | 7 |
| Minimap ping | 6 |
| Use ability | 2 |
| Remove unit | 2 |


| Peon | 8 | 600 | / | 0 |
| Troll Headhunter | 11 | 1540 | / | 220 |
| Shaman | 4 | 520 | / | 80 |
| total: | 23 | 2660g | / | 300w |
| Altar of Storms | 1 | 180 | / | 50 |
| Orc Burrow | 4 | 640 | / | 160 |
| War Mill | 1 | 205 | / | 0 |
| Barracks | 1 | 180 | / | 50 |
| Great Hall | 3 | 1155 | / | 555 |
| Spirit Lodge | 1 | 150 | / | 150 |
| Stronghold | 2 | 630 | / | 380 |
| Fortress | 1 | 325 | / | 190 |
| total: | 11 | 2510g | / | 965w |
| 0:04 | Altar of Storms |
| 0:06 | Orc Burrow |
| 0:35 | Peon |
| 0:36 | Peon |
| 0:36 | Peon |
| 0:36 | Peon |
| 0:49 | Peon |
| 1:31 | War Mill |
| 1:45 | Barracks |
| 2:28 | Feral Spirit |
| 2:37 | Orc Burrow |
| 2:53 | Troll Headhunter |
| 2:53 | Troll Headhunter |
| 2:53 | Troll Headhunter |
| 2:53 | Troll Headhunter |
| 3:43 | Steel Ranged Weapons |
| 3:43 | Steel Armor |
| 4:17 | Chain Lighting |
| 4:53 | Stronghold |
| 4:59 | Peon |
| 4:59 | Peon |
| 4:59 | Peon |
| 5:28 | Troll Headhunter |
| 5:28 | Troll Headhunter |
| 5:28 | Troll Headhunter |
| 5:44 | Stronghold |
| 6:24 | Orc Burrow |
| 7:14 | Feral Spirit |
| 7:22 | Orc Burrow |
| 8:12 | Great Hall |
| 8:19 | Spirit Lodge |
| 8:27 | Troll Headhunter |
| 8:27 | Troll Headhunter |
| 8:27 | Troll Headhunter |
| 8:27 | Troll Headhunter |
| 9:34 | Shaman Adept Training |
| 9:35 | Shaman |
| 10:06 | Healing Wave |
| 11:40 | Great Hall |
| 11:48 | Chain Lighting |
| 12:22 | Thorium Ranged Weapons |
| 12:23 | Thorium Armor |
| 13:27 | Shaman |
| 13:27 | Shaman |
| 13:27 | Shaman |
| 13:29 | Fortress |
| 13:45 | Serpent Ward |
| 16:40 | Great Hall |
| Right click | 373 |
| Select | 162 |
| Build/train/purchase | 53 |
| Misc. action | 47 |
| Select group | 21 |
| Use ability | 11 |
| Assign group | 4 |
| Minimap ping | 2 |
| Item give/drop | 1 |
| Remove unit | 1 |

| Potion of Healing | 2 | 300 |
| Healing Salve | 1 | 100 |
| Scroll of Town Portal | 2 | 700 |
| total: | 5 | 1100g |
| Peon | 16 | 1200 | / | 0 |
| Troll Headhunter | 13 | 1820 | / | 260 |
| Wind Rider | 4 | 1060 | / | 160 |
| Tauren | 2 | 560 | / | 160 |
| total: | 35 | 4640g | / | 580w |
| Watch Tower | 16 | 1760 | / | 1280 |
| Altar of Storms | 1 | 180 | / | 50 |
| Orc Burrow | 7 | 1120 | / | 280 |
| Barracks | 1 | 180 | / | 50 |
| War Mill | 1 | 205 | / | 0 |
| Voodoo Lounge | 1 | 130 | / | 30 |
| Great Hall | 1 | 385 | / | 185 |
| Beastiary | 2 | 290 | / | 280 |
| Tauren Totem | 2 | 270 | / | 310 |
| Stronghold | 1 | 315 | / | 190 |
| Fortress | 1 | 325 | / | 190 |
| total: | 32 | 4520g | / | 2465w |
| 0:07 | Altar of Storms |
| 0:10 | Orc Burrow |
| 0:14 | Barracks |
| 0:31 | Peon |
| 0:46 | Peon |
| 1:06 | Peon |
| 1:29 | War Mill |
| 1:36 | Peon |
| 1:43 | Peon |
| 1:51 | Peon |
| 1:58 | Peon |
| 2:06 | Peon |
| 2:23 | Orc Burrow |
| 2:35 | Critical Strike |
| 2:44 | Troll Headhunter |
| 2:47 | Peon |
| 3:17 | Troll Headhunter |
| 3:19 | Peon |
| 3:23 | Orc Burrow |
| 3:39 | Troll Headhunter |
| 3:55 | Troll Headhunter |
| 4:05 | Troll Headhunter |
| 4:22 | Voodoo Lounge |
| 4:28 | Troll Headhunter |
| 5:08 | Troll Headhunter |
| 5:10 | Troll Headhunter |
| 5:26 | Steel Melee Weapons |
| 5:31 | Orc Burrow |
| 5:34 | Wind Walk |
| 5:50 | Troll Headhunter |
| 6:27 | Orc Burrow |
| 6:28 | Troll Headhunter |
| 6:31 | Stronghold |
| 7:44 | Great Hall |
| 8:01 | Orc Burrow |
| 8:05 | Troll Headhunter |
| 8:05 | Troll Headhunter |
| 8:05 | Troll Headhunter |
| 8:35 | Critical Strike |
| 9:05 | Orc Burrow |
| 9:06 | Fortress |
| 9:32 | Troll Regeneration |
| 10:40 | Peon |
| 10:40 | Peon |
| 10:40 | Peon |
| 10:40 | Peon |
| 10:41 | Peon |
| 10:53 | Beastiary |
| 11:00 | Tauren Totem |
| 11:06 | Tauren Totem |
| 11:10 | Thorium Melee Weapons |
| 11:51 | Peon |
| 11:55 | Watch Tower |
| 11:58 | Watch Tower |
| 12:00 | Watch Tower |
| 12:03 | Watch Tower |
| 12:06 | Watch Tower |
| 12:10 | Watch Tower |
| 12:22 | Envenomed Spears |
| 12:24 | Berserker Upgrade |
| 12:35 | Pillage |
| 12:37 | Backpack |
| 12:40 | Pulverize |
| 12:58 | Liquid Fire |
| 13:05 | Watch Tower |
| 13:08 | Watch Tower |
| 13:11 | Watch Tower |
| 13:19 | Scroll of Town Portal |
| 13:28 | Watch Tower |
| 14:04 | Wind Walk |
| 14:23 | Watch Tower |
| 14:41 | Watch Tower |
| 14:46 | Potion of Healing |
| 14:47 | Healing Salve |
| 14:48 | Scroll of Town Portal |
| 14:52 | Potion of Healing |
| 15:45 | Watch Tower |
| 15:47 | Watch Tower |
| 16:11 | Wind Rider |
| 16:11 | Wind Rider |
| 16:20 | Beastiary |
| 16:24 | Tauren |
| 17:03 | Watch Tower |
| 17:06 | Watch Tower |
| 17:21 | Wind Rider |
| 17:23 | Tauren |
| 18:13 | Wind Rider |
| 18:49 | Wind Walk |
| Select | 381 |
| Right click | 352 |
| Build/train/purchase | 68 |
| Use ability | 6 |
| Remove unit | 1 |
| Minimap ping | 1 |
⇛